← All builds
Tech / Armada / Economy first / OBSERVED BUILD

Sharpshooter snipers

Armada Tech (Eco) build order · Supreme Isthmus

Standard T2 rush into an early Sharpshooter-led sniper bot push around 8:10-8:38, pairing T2 constructor support for Geo with sniper bots fighting at the middle rather than just economy scaling.

Usually first T2 con to Geo (81%)

#t2 #raid · 99 distinct matches · 51 players · 3% of Armada Tech games · team won 27% of 100 · Recently observed

THE CATCH, AND WHAT COMES WITH IT
  • SharpshooterT2 bot snipers from 8:11 · 6% of role by thenFrom the Advanced Bot Lab. Only 6% of Tech games have it by then; others who build it get it around 9:07

Where those units first fight, in 98 games with kill data: in the middle 55%, on their own side 45%.

Those units destroy a typical 1,393 metal of enemy units by 15:00.

Then transitions into anti-nuke (13% of army).

HOW TO PLAY IT

Key timing: Sharpshooter out by 9:04

  1. Open standard T2 rush with Bot Lab first.
  2. Finish Advanced Bot Lab on the normal T2 timing.
  3. Upgrade mex as usual while eco scales.
  4. Push Sharpshooter snipers from Advanced Bot Lab to fight forward in middle.
  5. Keep producing T2 cons and anti-nuke for the team.

Phase by phase

TYPICAL OF ITS 99 GAMES · AGAINST STANDARD TECH
  1. 1
  2. 2
  3. 3
  4. 4
  5. 5
PLAY THE OPENING

Follow the example game's first 9:11 step by step: what to build now, what comes next, and where it goes. At 1× it keeps pace with your own game.

  1. 1

    Up to the Bot Lab

    Economy
    • Metal Extractor3Mex
    • Wind Turbine4Wind
    Order
    1. Bot LabBot Lab after 3 mex, 4 winddone ~1:17, middle half 1:13–1:38

    Some games also: energy storage (37%)

    By 1:00 in all: 3 mex · 4 wind

    The example game in this phase · 3 steps
    1. Mex ×3
    2. Wind ×3
    3. Bot LabBot Labdone 1:11 · typical 1:17
  2. 2

    Bot Lab to Advanced Bot Lab

    Economy
    • Metal Extractor1Mex
    • Wind Turbine9Wind
    • Energy Storage1Energy storage
    Order
    1. Advanced Bot LabAdvanced Bot Lab after 4 mex, 13 wind, 3 con turretdone ~4:18, middle half 4:08–4:33
    Builders
    • Construction Turret3 Con turret
    • Lazarus3 Lazarus
    • Construction Bot2 Con bot
    • Construction Bot1 Con bot for allies

    Some games also: converter (43%)

    By 3:22 in all: 4 mex · 13 wind · 1 energy storage · 3 con turret

    The example game in this phase · 22 steps
    1. Wind
    2. Construction BotCon bot
    3. Wind ×2
    4. LazarusLazarus
    5. Wind ×2
    6. LazarusLazarus
    7. Wind
    8. Mex
    9. Construction BotCon botfor Air
    10. Con turret
    11. Construction BotCon bot
    12. Con turret
    13. Wind ×2
    14. LazarusLazarus
    15. Wind ×3
    16. Con turret
    17. Wind
    18. Energy storage
    19. Wind ×3
    20. Converter ×3
    21. Wind
    22. Advanced Bot LabAdvanced Bot Labdone 4:29 · typical 4:18
  3. 3

    Advanced Bot Lab to 5:00

    Economy
    • Wind Turbine1Wind−2 vs standard
    Order
    1. Bot LabEat Bot Lab
    Builders
    • Advanced Construction Bot1 T2 con bot for allies

    Some games also: converter (43%)

    By 5:00 in all: 4 mex · 15 wind · 2 converter · 1 energy storage · 3 con turret

    The example game in this phase · 7 steps
    1. Wind
    2. Bot LabEat Bot Labreclaimed for its metal
    3. Wind ×2
    4. Advanced Construction BotT2 con botfor Geo
    5. Advanced Metal ExtractorT2 mexdone 5:06 · typical 5:17
    6. Wind
    7. Advanced Metal ExtractorT2 mex ×2
  4. 4

    5:00 to T2 bot snipers

    Economy
    • Wind Turbine16Wind+5 vs standard
    • Energy Converter1Converter
    Order
    1. SharpshooterT2 bot snipers after 4 mex, 32 wind, 5 converterdone ~8:39, middle half 7:41–9:48
    Builders
    • Butler4 Butler
    • Advanced Construction Bot3 T2 con bot for allies

    Some games also: T2 con bot (36%)

    By 8:10 in all: 4 mex · 32 wind · 5 converter (standard 3) · 1 energy storage · 3 con turret

    The example game in this phase · 46 steps
    1. Wind ×2
    2. Advanced Construction BotT2 con botfor Air
    3. Wind ×2
    4. Advanced Construction BotT2 con botfor Geo sea
    5. ButlerButler
    6. Wind
    7. ButlerButler ×2
    8. Advanced Metal ExtractorT2 mex
    9. Advanced Construction BotT2 con botfor Pond
    10. Wind
    11. Advanced Construction BotT2 con bot ×2for Beach sea
    12. Wind
    13. Advanced Construction BotT2 con bot
    14. Wind ×2
    15. ButlerButler
    16. Wind ×2
    17. ButlerButler
    18. Wind
    19. ButlerButler
    20. Wind
    21. ButlerButler
    22. Wind
    23. ButlerButler
    24. Wind ×2
    25. ButlerButler
    26. Wind ×4
    27. ButlerButler
    28. Converter
    29. Wind ×5
    30. ButlerButler
    31. Converter
    32. Wind ×5
    33. Converter
    34. Wind
    35. ButlerButler
    36. Wind ×4
    37. Converter
    38. Wind ×6
    39. ButlerButler
    40. Converter
    41. Wind ×7
    42. Converter
    43. Wind ×8
    44. Converter
    45. Wind ×3
    46. SharpshooterSniper botdone 9:58 · typical 8:39
  5. 5

    T2 bot snipers to 10:00

    Economy
    • Wind Turbine19Wind−11 vs standard
    Army
    • Sharpshooter1 Sniper bot

    Some games also: converter (48%) · Butler (45%) · T2 con bot for allies (42%)

    The standard build makes here, this one skips: 4 converter · 5 Butler

    By 10:00 in all: 4 mex · 54 wind · 8 converter · 1 energy storage · 3 con turret

    The example game in this phase · 184 steps
    1. Wind ×2
    2. Converter
    3. Wind
    4. Converter
    5. Wind ×7
    6. Converter
    7. Wind ×2
    8. Converter
    9. Wind ×6
    10. Converter ×2
    11. Wind ×6
    12. Converter
    13. Wind ×2
    14. Converter
    15. SharpshooterSniper bot
    16. Wind ×4
    17. Converter
    18. Wind ×3
    19. Converter
    20. Wind ×4
    21. Converter
    22. Wind ×3
    23. Converter
    24. Wind ×5
    25. Converter
    26. Wind
    27. Con turret
    28. Advanced Construction BotT2 con bot
    29. Wind ×2
    30. Converter
    31. Wind ×4
    32. Converter
    33. Wind
    34. Con turret
    35. Wind ×2
    36. Converter
    37. Wind ×5
    38. Converter
    39. Con turret
    40. Wind ×3
    41. Converter
    42. Wind ×3
    43. Con turret
    44. Converter
    45. Wind ×3
    46. Converter
    47. Wind ×3
    48. Con turret
    49. Wind
    50. Converter
    51. Wind ×3
    52. Converter
    53. Wind ×5
    54. Con turret
    55. Converter
    56. Wind ×3
    57. Converter
    58. Wind ×3
    59. Converter
    60. Wind
    61. Advanced Bot LabEat Advanced Bot Labreclaimed for its metal
    62. Wind ×2
    63. Converter
    64. Wind ×4
    65. Fusion ReactorFusiondone 12:00
    66. Wind
    67. Converter
    68. Wind ×3
    69. Converter
    70. Wind ×4
    71. Converter
    72. Wind ×3
    73. Converter
    74. Wind ×4
    75. Converter
    76. Wind ×2
    77. Converter
    78. Wind ×3
    79. Fusion ReactorFusion
    80. Wind ×2
    81. Converter
    82. Wind ×2
    83. Converter
    84. Wind ×5
    85. Converter
    86. Wind ×2
    87. Converter
    88. Wind ×5
    89. Converter
    90. Wind
    91. Converter
    92. Wind ×3
    93. T2 converter
    94. Wind ×3
    95. Converter ×2
    96. Wind ×6
    97. Converter
    98. Wind ×2
    99. Converter
    100. Wind ×5
    101. Converter
    102. Wind ×2
    103. Converter
    104. Wind ×4
    105. Converter
    106. Wind ×3
    107. Converter
    108. Wind ×4
    109. Converter
    110. Wind
    111. Fusion ReactorFusion
    112. Wind ×3
    113. Converter
    114. Wind ×3
    115. Converter
    116. Wind ×4
    117. Converter
    118. Wind ×3
    119. Converter
    120. Wind ×3
    121. Converter
    122. Wind ×4
    123. Converter
    124. Wind ×3
    125. Converter
    126. Wind ×3
    127. T2 converter
    128. Wind
    129. Converter
    130. Wind ×3
    131. Converter
    132. Wind ×3
    133. Converter
    134. Wind ×3
    135. Converter
    136. Wind ×3
    137. Converter
    138. Wind
    139. Con turret
    140. Wind
    141. Con turret
    142. Wind
    143. Con turret
    144. Wind
    145. Converter
    146. Wind ×2
    147. Con turret
    148. Wind ×2
    149. Converter
    150. Con turret
    151. Wind ×3
    152. Con turret ×2
    153. Converter
    154. Wind
    155. Aircraft PlantAircraft Plant ×2done 14:34
    156. Wind ×3
    157. FalconFighter
    158. Converter
    159. FalconFighter
    160. Wind ×2
    161. FalconFighter
    162. Converter
    163. FalconFighter
    164. Wind
    165. FalconFighter
    166. Wind ×2
    167. FalconFighter ×3
    168. Wind ×2
    169. FalconFighter
    170. Wind
    171. Converter
    172. FalconFighter ×3
    173. Wind
    174. Converter
    175. Wind ×2
    176. FalconFighter ×3
    177. Wind ×3
    178. FalconFighter ×3
    179. Converter
    180. FalconFighter
    181. Wind ×3
    182. FalconFighter
    183. Converter
    184. FalconFighter

Counts are medians over the build's games: half of them build more, half fewer. The example game is RetDef's (31 OS, 14/10/2026); pick another.

Team trades

IN AT LEAST 30% OF ITS GAMES

You hand over

  • Construction Bot1 Con bot to Airfirst at 2:24 · in 89% of games
  • Advanced Construction Bot5 T2 con bot to Geo sea or Air or Pondfirst at 4:59 · in 100% of games
  • Butler2 Butler to Geo sea or Beach seafirst at 10:30 · in 36% of games

You get

  • Hercules2 Light transport from Airfirst at 4:04 · in 88% of games

How it plays out

Typical game of this build against the role’s standard build, running totals by minute

  • This build
  • Standard tech

Metal produced

020k40k
0:005:0010:0015:00

metal

Enemy metal destroyed

01k2k3k
0:005:0010:0015:00

metal

Own metal lost

05001k
0:005:0010:0015:00

metal

100 games.

Show as table
ByMetal produced: This buildMetal produced: Standard techEnemy metal destroyed: This buildEnemy metal destroyed: Standard techOwn metal lost: This buildOwn metal lost: Standard tech
1:003833830000
2:009139150000
3:00160416520000
4:00309831440000
5:00487048480000
6:00595658020000
7:00752072270000
8:00930690630000
9:0011455111770000
10:001380213509179000
11:0016263162476490690
12:001900819673101401300
13:002228123454151203280
14:0026270273621782068073
15:003009231555248185910130
WHAT THE NUMBERS SAY

Won far less often than the standard build, losing a lot more metal for only a modest gain in enemy metal destroyed.

  • + Enemy metal destroyed by 15:00 well above standard (2598 vs 262).
  • − Team win rate collapses to 21% vs standard's 53%.
  • − Own metal lost by 15:00 far exceeds standard (1360 vs 196).
THE EXAMPLE YOU ARE READING

RetDef

31.2 OS · 14/10/2026

Open source match ↗

1 received units
1694 metal received · 27173 energy received

Allied construction assistance is unknown. Timings are observations, not a promise of solo reproducibility.

Typical milestones

Bot Lab1:17Middle 50%: 1:13–1:38 · n=100
Advanced Bot Lab4:18Middle 50%: 4:08–4:33 · n=100
Advanced Metal Extractor5:17Middle 50%: 4:57–5:41 · n=100
Sharpshooter8:39Middle 50%: 7:41–9:48 · n=100

Played most by

Amrissa15games of this buildDRM6games of this buildTheGeneraI5games of this buildenderOS14games of this buildKontraption4games of this build